 Dungeon Crawl Stone Soup version 0.30-a0-305-g026cb31310 (webtiles) character file.

Game seed: 7616452534648298235

564 McGhostyFace the Thrower (level 7, -22/60 HPs)
             Began as a Gnoll Wanderer on Oct 24, 2022.
             Was an Initiate of Ashenzari.
             Annihilated by an ogre
             ... wielding a +0 giant spiked club
              (28 damage)
             ... while paralysed by Grinder
             ... on level 5 of the Dungeon.
             The game lasted 00:08:57 (4902 turns).

McGhostyFace the Thrower (Gnoll Wanderer)           Turns: 4902, Time: 00:08:58

Health: -22/60     AC:  7    Str:  7    XL:     7   Next: 32%
Magic:  19/19      EV:  2    Int: 10    God:    Ashenzari [......]
Gold:   281        SH:  0    Dex: 19    Spells: 11/11 levels left

rFire   . . .      SeeInvis .    D - +5 mace of Supernal Wisdom {elec, rElec, Fort, Bglg} (curse)
rCold   . . .      Faith    .    (no shield)
rNeg    . . .      Spirit   .    A - +1 ring mail {rPois}
rPois   +          Reflect  .    (no helmet)
rElec   +          Harm     .    (no cloak)
rCorr   .          Rampage  .    (no gloves)
Will    .....                    i - +0 pair of boots
Stlth   ++........               (no amulet)
HPRegen 0.30/turn                f - ring of magical power
MPRegen 0.16/turn                (no ring)

@: paralysed
A: fangs 1, strong nose, distributed training
a: Renounce Religion, Shatter the Chains


You were on level 5 of the Dungeon.
You worshipped Ashenzari.
Ashenzari was noncommittal.
You visited 1 branch of the dungeon, and saw 5 of its levels.

You collected 281 gold pieces.

Inventory:

Hand Weapons
 D - the cursed +5 mace of Supernal Wisdom (weapon) {elec, rElec, Fort, Bglg}
   (You found it on level 5 of the Dungeon)

   It occasionally discharges a powerful burst of electricity upon striking a
   foe.
   rElec:     It insulates you from electricity.
   It has a curse which improves the following skills: Fortitude: Armour and
   Shields.
   Beguiling: Conjurations, Hexes and Translocations.
Missiles
 k - 4 atropa-tipped darts (quivered)
Armour
 e - a +0 robe
 i - a +0 pair of boots (worn)
 A - a +1 ring mail of poison resistance (worn)
Jewellery
 f - a ring of magical power (left hand)
Wands
 b - a wand of digging (4)
 c - a wand of polymorph (4)
 C - a wand of iceblast (7)
Scrolls
 d - 3 scrolls of fear
 j - 2 scrolls of immolation {unknown}
 o - 2 scrolls of butterflies {unknown}
 q - a scroll of enchant weapon {unknown}
 r - a scroll of poison {unknown}
 u - 3 scrolls of teleportation {unknown}
 v - 3 scrolls of blinking
 x - 2 scrolls of identify
 y - a scroll of magic mapping {unknown}
 B - a scroll of enchant armour {unknown}
Potions
 g - a potion of cancellation {unknown}
 h - a potion of brilliance {unknown}
 l - 5 potions of heal wounds
 m - 3 potions of flight {unknown}
 n - 4 potions of haste {unknown}
 p - 2 potions of resistance {unknown}
 s - 3 potions of curing {unknown}
 t - a potion of attraction {unknown}
 w - a potion of degeneration {unknown}


   Skills:
 + Level 7.0 Fighting
 + Level 2.5 Short Blades
 + Level 2.5 Long Blades
 + Level 2.5 Axes
 + Level 2.5 Maces & Flails
 + Level 2.5 Polearms
 + Level 2.5 Staves
 + Level 2.5 Ranged Weapons
 + Level 8.9 Throwing
 + Level 2.5(2.9) Armour
 + Level 2.5 Dodging
 + Level 2.5 Stealth
 + Level 2.5(2.9) Shields
 + Level 2.5 Unarmed Combat
 + Level 2.5 Spellcasting
 + Level 2.0(2.3) Conjurations
 + Level 2.0(2.3) Hexes
 + Level 2.0 Summonings
 + Level 2.0 Necromancy
 + Level 2.0(2.3) Translocations
 + Level 2.0 Transmutations
 + Level 2.0 Fire Magic
 + Level 2.0 Ice Magic
 + Level 2.0 Air Magic
 + Level 2.0 Earth Magic
 + Level 2.0 Poison Magic
 + Level 2.8 Invocations
 + Level 7.0 Evocations


You had 11 spell levels left.
You didn't know any spells.
Your spell library contained the following spells:

 Spells                   Type           Power      Damage    Failure   Level
 Apportation              Tloc           12%        N/A       34%         1
 Necrotise                Necr           20%        1d5       38%         1
 Summon Small Mammal      Summ           20%        N/A       38%         1
 Kindle Blastsparks       Fire/Tloc/Air  10%        2d10      75%         3
 Frozen Ramparts          Ice            10%        1d2       77%         3
 Fulminant Prism          Conj/Hex       3%         3d6       98%         4
 Iskenderun's Mystic Bla  Conj/Tloc      6%         2d4       98%         4
 Ice Form                 Ice/Tmut       5%         N/A       99%         4
 Summon Ice Beast         Ice/Summ       5%         N/A       99%         4
 Alistair's Intoxication  Tmut/Pois      3%         N/A       100%        5
 Borgnjor's Vile Clutch   Necr/Erth      2%         N/A       100%        5
 Lee's Rapid Deconstruct  Erth           2%         3d5*      100%        5
 Summon Forest            Summ/Tloc      2%         N/A       100%        5
 Eringya's Noxious Bog    Tmut/Pois      2%         N/A       100%        6
 Summon Hydra             Summ           2%         N/A       100%        7


Dungeon Overview and Level Annotations

Branches:
Dungeon (5/15)
 Temple: D:4-7

Altars:
Ashenzari
Nemelex Xobeh

Annotations:
D:5 Grinder


Innate Abilities, Weirdness & Mutations

You have very sharp teeth.
Your uncanny sense of smell can sniff out nearby items.
Your experience applies equally to all skills.


Message History

Found a mace.
You see here a +0 mace.
You see here a +0 robe.
Found a hand axe.
Okay, then.
Unknown command.
d - 3 scrolls of fear (gained 1)
Found a club.
u - 3 scrolls labelled NIJUKK KUADADE (gained 1)
Found a stone staircase leading up.
You see here a +0 club.
There is a stone staircase leading up here.
An ogre comes into view. It is wielding a +0 giant spiked club.
An ogre is nearby!
Grinder comes into view.
Grinder shouts!
Grinder says, "Tell me all your secrets, or I'll kill you."
Grinder blinks!
You hit the ogre.
The ogre is lightly wounded.
The ogre hits you with a +0 giant spiked club!
Grinder hits you.
You sock the ogre!
The ogre is heavily wounded.
The ogre closely misses you. Grinder gestures at you.
You suddenly lose the ability to move!
Grinder hits you.
You writhe in agony.
The ogre completely misses you. Grinder hits you but does no damage.
The ogre hits you with a +0 giant spiked club!!
Grinder hits you.
* * * LOW HITPOINT WARNING * * *
You writhe in agony.
* * * LOW HITPOINT WARNING * * *
Grinder hits you.
* * * LOW HITPOINT WARNING * * *
You writhe in agony.
* * * LOW HITPOINT WARNING * * *
The ogre hits you with a +0 giant spiked club!!
You die...

#.....# #.# #.)...#
#.# # #.....# #.## #.
###########...
###.### #.....<###.
....... #.####.# #.
....... #.####.###.
......5####
#.#....)...
......O@..##
#.#.##.####
.......#...###.#.##.#
.......##...........#
....... #############
#######


You could see Grinder and an ogre.

Vanquished Creatures
  A phantom (D:3)
  2 necrophages
  A scorpion (D:5)
  A howler monkey (D:3)
  A centaur zombie (D:5)
  Ijyb (D:3)
  A killer bee zombie (D:5)
  A hound zombie (D:5)
  11 adders
  A shadow imp (D:5)
  An adder skeleton (D:5)
  A dart slug (D:5)
  2 orcs (D:4)
  5 endoplasms
  2 giant cockroaches
  5 goblins
  7 hobgoblins
  4 jackals (D:1)
  4 kobolds
  4 quokkas
  3 ball pythons
  6 bats
  3 frilled lizards
  8 rats
76 creatures vanquished.

Vanquished Creatures (others)
  2 withered plants (D:5)
2 creatures vanquished.

Grand Total: 78 creatures vanquished

Notes
Turn   | Place    | Note
-------+----------+-------------------------------------------
     0 | D:1      | McGhostyFace the Gnoll Wanderer began the quest for the
                  | Orb.
     0 | D:1      | McGhostyFace set off with the following items: a +3 dagger,
                  | a curare-tipped dart, a wand of polymorph (4), a scroll of
                  | fear, a +0 robe.
     0 | D:1      | Reached XP level 1. HP: 23/23 MP: 1/1
   404 | D:1      | Reached XP level 2. HP: 29/29 MP: 2/2
  1291 | D:2      | Reached XP level 3. HP: 25/35 MP: 3/3
  1312 | D:2      | Reached skill level 1 in Invocations
  1426 | D:2      | Reached skill level 1 in Short Blades
  1426 | D:2      | Reached skill level 1 in Long Blades
  1426 | D:2      | Reached skill level 1 in Axes
  1426 | D:2      | Reached skill level 1 in Maces & Flails
  1426 | D:2      | Reached skill level 1 in Polearms
  1426 | D:2      | Reached skill level 1 in Staves
  1426 | D:2      | Reached skill level 1 in Ranged Weapons
  1426 | D:2      | Reached skill level 1 in Armour
  1426 | D:2      | Reached skill level 1 in Dodging
  1426 | D:2      | Reached skill level 1 in Stealth
  1426 | D:2      | Reached skill level 1 in Shields
  1426 | D:2      | Reached skill level 1 in Unarmed Combat
  1426 | D:2      | Reached skill level 1 in Spellcasting
  1648 | D:2      | Reached XP level 4. HP: 41/41 MP: 5/5
  2301 | D:3      | Reached skill level 1 in Conjurations
  2301 | D:3      | Reached skill level 1 in Hexes
  2301 | D:3      | Reached skill level 1 in Summonings
  2301 | D:3      | Reached skill level 1 in Necromancy
  2301 | D:3      | Reached skill level 1 in Translocations
  2301 | D:3      | Reached skill level 1 in Transmutations
  2301 | D:3      | Reached skill level 1 in Fire Magic
  2301 | D:3      | Reached skill level 1 in Ice Magic
  2301 | D:3      | Reached skill level 1 in Air Magic
  2301 | D:3      | Reached skill level 1 in Earth Magic
  2301 | D:3      | Reached skill level 1 in Poison Magic
  2784 | D:3      | Noticed Ijyb
  2807 | D:3      | Killed Ijyb
  2808 | D:3      | Reached XP level 5. HP: 26/47 MP: 7/7
  3816 | D:4      | Noticed a phantom
  3857 | D:3      | Killed a phantom
  3858 | D:3      | Reached XP level 6. HP: 50/53 MP: 9/9
  4009 | D:4      | Found a broken altar of Ashenzari.
  4099 | D:4      | Became a worshipper of Ashenzari the Shackled
  4250 | D:5      | Entered Level 5 of the Dungeon
  4253 | D:5      | Identified the +5 mace "Iryuluej" {elec, rElec}
  4316 | D:5      | Reached XP level 7. HP: 53/60 MP: 10/10
  4713 | D:5      | Found a sparkling altar of Nemelex Xobeh.
  4895 | D:5      | Noticed Grinder
  4898 | D:5      | Paralysed by Grinder for 5 turns
  4902 | D:5      | Annihilated by an ogre

Illustrated notes

Levels and vault maps discovered:
D:1:      dpeg_arrival_pits, layout_loops_corners, dreamdust_princess_bridge
D:2:      layout_basic, chequers_serial_rivers_small_3, minivault_14
D:3:      layout_loops_corners, uniq_ijyb
D:4:      layout_basic, mainiacjoe_overflow_chevrons
D:5:      layout_loops_cross, kennysheep_little_box, serial_undead,
          serial_undead_a, serial_undead_c, serial_undead_c, serial_undead_b,
          uniq_grinder

Skill      XL: |  1  2  3  4  5  6  7 |
---------------+----------------------+-----
Invocations    | 1 2 |  2.8
Short Blades   | 1 2 |  2.5
Long Blades    | 1 2 |  2.5
Axes           | 1 2 |  2.5
Maces & Flails | 1 2 |  2.5
Polearms       | 1 2 |  2.5
Staves         | 1 2 |  2.5
Ranged Weapons | 1 2 |  2.5
Armour         | 1 2 |  2.5
Dodging        | 1 2 |  2.5
Stealth        | 1 2 |  2.5
Shields        | 1 2 |  2.5
Unarmed Combat | 1 2 |  2.5
Spellcasting   | 1 2 |  2.5
Conjurations   | 1 2 |  2.0
Hexes          | 1 2 |  2.0
Summonings     | 1 2 |  2.0
Necromancy     | 1 2 |  2.0
Translocations | 1 2 |  2.0
Transmutations | 1 2 |  2.0
Fire Magic     | 1 2 |  2.0
Ice Magic      | 1 2 |  2.0
Air Magic      | 1 2 |  2.0
Earth Magic    | 1 2 |  2.0
Poison Magic   | 1 2 |  2.0
Fighting       | 7 |  7.0
Evocations     | 7 |  7.0
Throwing       | |  8.9

Action                   |  1- 3 |  4- 6 |  7- 9 || total
-------------------------+-------+-------+-------++-------
Melee: Dagger            |    98 |   159 |       ||   257
       Punch             |     1 |     6 |     2 ||     9
       Bite              |     5 |    13 |     6 ||    24
       Mace              |       |     7 |    28 ||    35
Throw: Dart              |     1 |     3 |       ||     4
Invok: Curse Item        |       |       |     1 ||     1
  Use: Scroll            |       |     2 |       ||     2
       Potion            |       |     1 |       ||     1
 Stab: Sleeping          |     4 |     6 |       ||    10
       Invisible         |       |     2 |       ||     2
Armor: Robe              |    26 |     8 |       ||    34
       Ring mail         |       |    48 |    25 ||    73
Dodge: Dodged            |    55 |   100 |    35 ||   190

Table legend: (Time is in decaauts)
 A = Elapsed time spent in this place.
 B = Non-inter-level travel time spent in this place.
 C = Inter-level travel time spent in this place.
 D = Time resting spent in this place.
 E = Time spent auto-exploring this place.
 F = Levels seen in this place.
 G = Mean time per level.
                   A        B        C        D        E       F      G
               +--------+--------+--------+--------+--------+-----+--------+
         Total |   4898 |   4656 |    242 |    601 |   3289 |   5 |  979.6 |
       Dungeon |   4898 |   4656 |    242 |    601 |   3289 |   5 |  979.6 |
               +--------+--------+--------+--------+--------+-----+--------+

Top non-repeatable levels by time:
     D:3: 1651 daAuts
     D:1: 1110 daAuts
     D:2: 906 daAuts
     D:5: 661 daAuts
     D:4: 568 daAuts
